 Dungeon Crawl Stone Soup version 0.18-a0-1577-gf591c28 (webtiles) character file.

2148595 Tomstefer the Skullcrusher (level 27, 273/273 HPs)
             Began as a Minotaur Berserker on Mar 17, 2016.
             Was the Champion of the Shining One.
             Escaped with the Orb
             ... and 4 runes!
             The game lasted 04:21:51 (90910 turns).

Tomstefer the Skullcrusher (Minotaur Berserker)    Turns: 90910, Time: 04:21:51

Health: 273/273    AC: 49    Str: 28    XL:     27
Magic:  35/35      EV: 33    Int:  4    God:    the Shining One [******]
Gold:   10143      SH: 22    Dex: 29    Spells: 0 memorised, 26 levels left

rFire  + + .     SeeInvis +     X - +9 sacred scourge (holy)
rCold  + . .     Gourm    .     J - +4 gold dragon armour
rNeg   + + +     Faith    .     d - +0 shield {AC+3}
rPois  +         Spirit   .     y - +1 hat {SInv}
rElec  +         Dismiss  .     u - +2 cloak {MR+}
rCorr  .         Reflect  +     w - +2 pair of fencer's gloves {LBl+4 SBl+4 EV+3 Dex+6}
SustAt .         Harm     .     R - +0 pair of boots {Fly}
MR     +++..                    S - amulet "Daitiuma" {Reflect rElec rPois Dex+5 SH+2}
Stlth  ..........               H - +4 ring of protection
                                V - ring "Rel Dey" {*Drain +Fly rF+ EV+3 Str+3}

@: flying, very slightly contaminated, hasted, glowing, very quick, extremely
resistant to hostile enchantments, extremely unstealthy
A: retaliatory headbutt, horns 2, weak 1
a: Divine Shield, Cleansing Flame, Summon Divine Warrior, Renounce Religion,
Stop Flying
0: Orb of Zot
}: 4/15 runes: serpentine, barnacled, golden, abyssal


You escaped.
You worshipped the Shining One.
The Shining One was exalted by your worship.
You were not hungry.

You visited 11 branches of the dungeon, and saw 57 of its levels.
You visited the Abyss 3 times.
You also visited: Volcano and Wizlab.

You collected 13307 gold pieces.
You spent 3164 gold pieces at shops.

Inventory:

Hand Weapons
 X - a +9 sacred scourge of holy wrath (weapon)
Armour
 d - a +0 shield of protection (worn)
 u - a +2 cloak of magic resistance (worn)
 w - the +2 pair of fencer's gloves (worn) {LBl+4 SBl+4 EV+3 Dex+6}
   (You acquired it on level 3 of the Abyss)

   It affects your evasion (+3).
   It affects your dexterity (+6).
 y - a +1 hat of see invisible (worn)
 J - a +4 gold dragon armour (worn)
 R - a +0 pair of boots of flying (worn)
Rods
 E - a +4 rod of inaccuracy (13/13)
   (You found it on level 3 of the Tomb of the Ancients)
 N - a +4 rod of ignition (13/13)
   (You found it on level 4 of the Shoals)
Jewellery
 H - a +4 ring of protection (right hand)
 S - the amulet "Daitiuma" (around neck) {Reflect rElec rPois Dex+5 SH+2}
   (You found it on level 4 of the Lair of Beasts)

   [amulet of reflection]

   It shields you and reflects attacks.
   It affects your dexterity (+5).
   It insulates you from electricity.
   It protects you from poison.
   It affects your SH (+2).
 V - the ring "Rel Dey" (left hand) {*Drain +Fly rF+ EV+3 Str+3}
   (You found it on level 3 of the Elven Halls)

   [ring of evasion]

   It affects your evasion (+3).
   It affects your strength (+3).
   It protects you from fire.
   It lets you fly.
   It causes draining when unequipped.
 Z - a +3 ring of intelligence
Wands
 v - a wand of heal wounds (3/9)
 G - a wand of teleportation (9/9)
 I - a wand of iceblast (10/15)
 K - a wand of digging (1/24)
 L - a wand of flame (18/48)
Scrolls
 a - 13 scrolls of magic mapping
 b - a scroll of silence
 g - a scroll of amnesia
 h - 4 scrolls of fog
 i - 4 scrolls of enchant weapon
 j - 3 scrolls of brand weapon
 l - 12 scrolls of identify
 m - a scroll of blinking
 z - 3 scrolls of summoning
 A - 14 scrolls of remove curse
 C - 16 scrolls of teleportation
 T - 8 scrolls of fear
 U - 7 scrolls of recharging
 W - a scroll of holy word
Potions
 e - 22 potions of curing
 f - 2 potions of cancellation
 k - 6 potions of agility
 s - a potion of magic
 x - 2 potions of cure mutation
 D - 6 potions of resistance
 F - 4 potions of berserk rage
 O - 7 potions of heal wounds
 Y - 4 potions of might
Books
 p - a book of Frost

   Spells                             Type                      Level
   a - Freeze                         Ice                          1
   b - Throw Frost                    Conjuration/Ice              2
   c - Ozocubu's Armour               Charms/Ice                   3
   d - Throw Icicle                   Conjuration/Ice              4
   e - Summon Ice Beast               Ice/Summoning                4
 P - the Guide on Self-Knowledge
   (You found it on level 3 of the Realm of Zot)

   Spells                             Type                      Level
   a - Song of Slaying                Charms                       2
   b - Ozocubu's Armour               Charms/Ice                   3
   c - Regeneration                   Charms/Necromancy            3
   d - Spectral Weapon                Hexes/Charms                 3
   e - Haste                          Charms                       6
Miscellaneous
 r - a lamp of fire
 Q - a figurine of a ziggurat
Comestibles
 c - 7 bread rations
 n - 41 fruits
 q - 28 meat rations
 B - 12 royal jellies
 M - 13 slices of pizza


   Skills:
 O Level 27 Fighting
 O Level 27 Maces & Flails
 O Level 27 Armour
 + Level 21.6 Dodging
 + Level 24.5 Shields
 * Level 19.7 Invocations
 - Level 10.0 Evocations


You had 26 spell levels left.
You didn't know any spells.

Dungeon Overview and Level Annotations

Branches:
Dungeon (15/15)            Temple (0/1) D:6            Lair (8/8) D:9
 Shoals (4/4) Lair:4        Snake (4/4) Lair:6        Slime (0/6) Lair:7
    Orc (2/2) D:9             Elf (3/3) Orc:2        Vaults (5/5) D:13
  Crypt (3/3) Vaults:3       Tomb (3/3) Crypt:3      Depths (5/5) D:15
    Zot (5/5) Depths:5

Altars:
Cheibriados
Dithmenos
Fedhas
Gozag
Makhleb
Qazlal
Sif Muna
Trog
Vehumet
Xom
Zin
The Shining One
Beogh
Jiyva
Lugonu

Shops:
D:9 [   D:11 *   D:13 ?*:!}   Orc:2 **([   Elf:1 *   Elf:2 =%}[   Elf:3 ?
Shoals:3 %   Vaults:4 (   Vaults:5 !![?=}   Depths:1 !   Depths:2 (

Portals:
Hell: Depths:1 Depths:2 Depths:3 Depths:4 Depths:5
Abyss: Depths:2 Depths:4 Depths:5
Pandemonium: Depths:1 Depths:2 Depths:3 Depths:5
Ziggurat: Depths:4

Annotations:
Lair:2 exclusion: oklob plant
Lair:8 exclusion: 3 oklob plants
Depths:1 exclusion: orange crystal statue


Innate Abilities, Weirdness & Mutations

You reflexively headbutt those who attack you in melee.
You have a pair of horns on your head.
You are weak. (Str -2)


Message History

The Orb Guardian is severely wounded.
You thrash the Orb Guardian!!
You kill the Orb Guardian!
There is a stone staircase leading up here.
You fly upwards.
There is a stone staircase leading down here.
Drink which item? (? for menu, Esc to quit)
You feel yourself speed up.
You are very lightly contaminated with residual magic.
An infernal demonspawn comes into view. It is wielding a mace.
There is an open door here.
Evoke which item? (* to show all) (? for menu, Esc to quit)
Zapping:
K - a wand of digging (2/24)
Press: ? - help, Shift-Dir - straight line The rock shatters into small pieces.
This wand has 1 charge left.
You hear a grinding noise.
You hear a grinding noise.
You hear a grinding noise.
There is a staircase leading out of the dungeon here.
You have escaped!

#...##........# #############
#...##........################
#...+.......>.................
#...#########.#####.##########
#..............# #.##
#.#########.##.####..#### #.#
#..)..............# #.#
##.###.#####.#####.##
#.####....#.#@..#.#...#..#
#.#.....###.###.###.###..#####
#.#.#...#.....#.....#.........
####.#.#...#.###.#.###.###.......
...#.#.#.#.#.#.#.#...............
##.#.#.#...###.###.#.#####.......
#.#.#.#...........#.............
#.#.#.#.#.###.###.#.#####.......
#.#.#.#.#.#.#.#.#.#.#...#.......


There were no monsters in sight!

Vanquished Creatures
  11 ancient liches
  Mennas (Crypt:1)
  5 orbs of fire
  3 juggernauts (Depths:4)
  28 greater mummies
  Boris (Tomb:1)
  Margery (Depths:4)
  3 Killer Klowns (Zot:5)
  A caustic shrike (Depths:4)
  13 golden dragons
  Nikola (Depths:1)
  2 bone dragons
  The ghost of Tomstefer the Swordmaster, an adept MiBe of Trog (Vaults:2)
  3 electric golems
  12 tentacled monstrosities
  2 deep elf blademasters (Elf:3)
  26 Orb Guardians
  Rupert (Orc:2)
  6 titans
  2 quicksilver dragons
  15 liches
  5 death cobs
  4 krakens
  22 sphinxes
  2 deep elf master archers (Elf:3)
  Gastronok (D:9)
  2 tentacled starspawn (Abyss:3)
  Frances (D:12)
  10 ancient champions
  Agnes (Snake:3)
  11 storm dragons
  8 shadow dragons
  Ilsuiw (Shoals:4)
  9 tengu reavers
  8 draconian monks
  Kirke (D:13)
  5 revenants
  7 greater nagas
  3 draconian scorchers
  7 fire giants
  9 frost giants
  4 iron dragons
  Wiglaf (Crypt:3)
  4 curse skulls
  3 deep elf sorcerers
  A balrug (Zot:4)
  17 vault wardens
  4 ghost moths
  3 orc warlords
  A cacodemon (Zot:5)
  7 draconian shifters
  3 deep elf elementalists
  5 draconian knights
  6 draconian zealots
  The ghost of M4edhros the Prestidigitator, a journeyman OpCK of Gozag (D:12)
  9 draconian annihilators
  10 ironheart preservers
  2 spriggan defenders
  2 reapers
  A juggernaut skeleton (Depths:2)
  6 war gargoyles
  27 stone giants
  11 green draconians
  14 very ugly things
  10 deep elf demonologists
  4 vampire knights
  4 draconian callers
  3 bennus (Tomb:1)
  8 deep elf annihilators
  12 red draconians
  12 yellow draconians
  9 black draconians
  Nessos (Lair:7)
  12 white draconians
  Snorg (Lair:7)
  15 ettins
  5 merfolk javelineers
  10 purple draconians
  2 eidola
  11 mottled draconians
  12 merfolk impalers
  4 spark wasps
  A blizzard demon (Depths:2)
  7 deep elf death magi
  6 jiangshi (Crypt:1)
  24 mummy priests
  17 fire dragons
  18 yaktaur captains
  The ghost of PeterLawrence the Basher, a journeyman MiFi of Okawaru (D:14)
  34 vault guards
  8 great orbs of eyes
  3 deep elf high priests
  3 entropy weavers
  24 ice dragons
  12 naga warriors
  11 rakshasas
  16 hydras
  2 spriggan air magi
  An alligator snapping turtle (Shoals:4)
  3 death knights
  10 centaur warriors
  10 ogre magi
  5 merfolk avatars
  7 anacondas
  26 dancing weapons
  A satyr (shapeshifter) (Depths:1)
  7 merfolk aquamancers
  9 deep troll shamans
  22 death yaks
  2 orc high priests
  4 vampire magi
  6 tengu warriors
  6 thrashing horrors
  Urug (D:12)
  15 deep troll earth magi
  7 large abominations
  12 hell knights
  6 shock serpents
  4 spriggan berserkers
  A soul eater (Depths:1)
  6 iron trolls
  11 naga sharpshooters
  4 sun demons
  22 deep elf knights
  2 titan skeletons
  Nergalle (Lair:3)
  5 wretched stars (Abyss:3)
  4 wizards
  A storm dragon zombie (Tomb:2)
  2 fire crabs
  A hellephant skeleton (Crypt:1)
  3 salamander mystics
  41 skeletal warriors
  4 giant orange brains
  36 death scarabs
  7 sea snakes
  A spatial maelstrom (Abyss:3)
  A storm dragon skeleton (Depths:2)
  36 deep trolls
  13 unseen horrors
  2 shadow wraiths
  2 deep trolls (shapeshifter)
  An infernal demonspawn (Depths:3)
  18 flayed ghosts
  A kraken simulacrum (Shoals:4)
  A giant orange brain (shapeshifter) (Depths:3)
  An anaconda zombie (Tomb:3)
  6 naga ritualists
  A shadow dragon zombie (Vaults:3)
  An anaconda skeleton (Crypt:3)
  A putrid demonspawn (Depths:5)
  3 golden dragon skeletons (Depths:2)
  A lindwurm (shapeshifter) (Elf:3)
  2 lindwurms (Lair:8)
  10 anubis guards
  16 phantasmal warriors
  12 deep elf archers
  14 orc knights
  14 ironbrand convokers
  19 hill giants
  10 harpies
  3 wolf spiders
  7 necromancers
  9 orc sorcerers
  2 shadow dragon skeletons (Depths:2)
  8 cyclopes
  An anubis guard (shapeshifter) (Vaults:4)
  15 griffons
  5 mana vipers
  3 hornets
  A shining eye (shapeshifter) (Vaults:4)
  72 deep elf magi
  A hornet (shapeshifter) (Depths:3)
  A wolf spider (shapeshifter) (Depths:4)
  13 salamanders
  A frost giant zombie (Vaults:3)
  2 iron dragon zombies
  7 fauns
  An oklob plant (Lair:5)
  4 stone giant skeletons
  2 sphinx skeletons
  53 ugly things
  3 frost giant skeletons (Depths:2)
  5 elephants (Lair:7)
  An apocalypse crab (Abyss:3)
  A sixfirhy (Zot:5)
  17 manticores
  21 moths of wrath
  A moth of wrath (shapeshifter) (Depths:3)
  6 tengu skeletons
  7 sirens
  22 black mambas
  7 fire giant skeletons
  2 water nymphs (Shoals:4)
  6 gargoyles
  Joseph (D:7)
  An elephant (shapeshifter) (Vaults:5)
  4 smoke demons
  20 vault sentinels
  An orange demon (Depths:2)
  6 torpor snails (Lair:8)
  26 naga magi
  4 rust devils
  11 spiny frogs
  3 rime drakes
  A black draconian zombie (Crypt:2)
  A yaktaur (shapeshifter) (Vaults:5)
  A yaktaur zombie (Depths:1)
  An emperor scorpion zombie (Tomb:1)
  7 komodo dragons
  9 freezing wraiths
  7 kobold demonologists
  A demonic crawler (Abyss:3)
  29 yaktaurs
  2 tormentors
  A rime drake (shapeshifter) (D:13)
  5 ice devils
  A golden dragon simulacrum (Depths:1)
  45 guardian mummies
  7 spriggan skeletons (Depths:2)
  3 ancient zymes
  2 hellwings
  31 merfolk
  3 red devils
  5 tengu conjurers
  9 human skeletons
  A queen bee (shapeshifter) (Vaults:5)
  A queen bee (Depths:4)
  14 trolls
  A tengu simulacrum (Vaults:3)
  A wind drake (shapeshifter) (Vaults:1)
  A polar bear (shapeshifter) (Depths:2)
  A hydra zombie (Tomb:3)
  4 jumping spiders
  A two-headed ogre (shapeshifter) (Depths:4)
  A wind drake (Shoals:2)
  16 polar bears
  6 giant leeches (Lair:8)
  25 two-headed ogres
  6 boulder beetles
  11 blink frogs
  A fire giant simulacrum (Depths:3)
  25 slime creatures
  A death drake skeleton (Crypt:2)
  2 raiju
  A harpy skeleton (Crypt:3)
  A blink frog (shapeshifter) (D:13)
  8 snapping turtles
  A frost giant simulacrum (Vaults:2)
  29 ushabtiu
  An ettin zombie (Tomb:1)
  20 flying skulls
  An ice dragon zombie (Crypt:2)
  2 redbacks (shapeshifter)
  A black mamba zombie (Crypt:1)
  6 air elementals
  5 shadows
  25 redbacks
  A spriggan (D:7)
  3 ynoxinuls (Abyss:3)
  12 water elementals
  A spriggan (shapeshifter) (Vaults:3)
  5 ettin skeletons
  7 fire dragon skeletons
  35 yaks
  Eustachio (D:6)
  4 vampires (WizLab)
  3 fire bats (Volcano)
  9 wraiths
  2 tarantellas
  3 hill giant zombies (WizLab)
  A hog (D:13)
  A basilisk (shapeshifter) (D:15)
  15 wyverns
  21 hippogriffs
  A steam dragon (Volcano)
  2 fire elementals
  3 chaos spawn
  6 hungry ghosts
  3 neqoxecs
  8 small abominations (Abyss:3)
  2 human simulacra
  A redback simulacrum (Vaults:3)
  A black mamba skeleton (Crypt:3)
  3 basilisks
  A yaktaur simulacrum (Depths:1)
  16 vampire mosquitoes
  36 nagas
  Edmund (D:6)
  A mottled dragon (Volcano)
  A harpy simulacrum (D:14)
  A soldier ant (D:13)
  A naga (shapeshifter) (Vaults:2)
  A putrid demonspawn zombie (Crypt:1)
  2 soldier ants (shapeshifter)
  8 wargs
  12 water moccasins
  An infernal demonspawn skeleton (Crypt:2)
  6 hell hounds
  9 porcupines
  A merfolk skeleton (Tomb:1)
  Duvessa (D:7)
  A spiny frog skeleton (Crypt:3)
  23 black bears
  43 orc warriors
  A phantom (D:11)
  An eye of draining (D:11)
  2 ice beasts
  A black bear (shapeshifter) (Vaults:4)
  A necrophage (D:12)
  2 eyes of draining (shapeshifter)
  A manticore zombie (Tomb:1)
  47 ogres
  5 wasps
  3 sky beasts
  15 wolves
  An elephant zombie (Crypt:2)
  7 boggarts
  An elf skeleton (Vaults:3)
  A deep troll simulacrum (Depths:1)
  29 centaurs
  An elephant skeleton (Crypt:2)
  15 crocodiles
  A snapping turtle skeleton (Tomb:1)
  A swamp dragon skeleton (Crypt:3)
  6 big kobolds
  A wyvern zombie (D:6)
  19 giant frogs
  3 earth elementals
  A glowing shapeshifter simulacrum (Vaults:1)
  A dryad skeleton (Crypt:2)
  2 wyvern skeletons
  Dowan (D:7)
  7 troll zombies (WizLab)
  A water moccasin skeleton (Crypt:1)
  28 killer bees
  21 wights
  2 howler monkeys
  9 crimson imps
  2 centaur zombies
  3 giant frog zombies
  22 starcursed masses
  A lava snake (Snake:2)
  A jelly (D:8)
  17 hounds
  5 quasits
  A human zombie (Abyss:3)
  31 orc priests
  A giant frog skeleton (D:7)
  4 iron imps
  12 centaur skeletons
  8 iguanas
  Ijyb (D:2)
  29 orc wizards
  A two-headed ogre skeleton (Crypt:1)
  Natasha (thrice) (D:2)
  11 worker ants
  A deep dwarf zombie (Crypt:2)
  7 ogre zombies (WizLab)
  16 sheep
  A crocodile skeleton (Crypt:1)
  2 hound zombies (D:8)
  A hound skeleton (D:8)
  59 mummies
  2 worker ant zombies
  4 gnolls (D:5)
  12 adders
  40 river rats
  7 shadow imps
  6 white imps
  3 ufetubi
  3 oozes
  2 adder zombies
  An iguana zombie (Crypt:1)
  2 adder skeletons
  20 worms
  9 giant geckos
  131 orcs
  5 bats
  7 giant cockroaches
  16 goblins
  9 hobgoblins
  14 jackals
  3 quokkas
  A river rat zombie (Crypt:1)
  2 ball pythons
  A ball python skeleton (D:4)
  5 giant newts
  A hobgoblin zombie (Crypt:1)
  26 kobolds
  An orc skeleton (Tomb:1)
  A quokka skeleton (D:9)
  A quokka zombie (D:4)
  5 rats
  A fire vortex (Vaults:5)
  A fungus (Lair:7)
  2 lurking horrors (Abyss:4)
  3 plants
  A starspawn tentacle (Abyss:3)
  13 tentacles
  A withered plant (Crypt:3)
3159 creatures vanquished.

Vanquished Creatures (collateral kills)
  An ancient lich (Zot:5)
  A juggernaut (Depths:4)
  Saint Roka (Depths:1)
  Xtahua (Depths:4)
  A golden dragon (Vaults:5)
  A greater naga (Snake:4)
  A frost giant (Vaults:5)
  A vault warden (Vaults:5)
  A deep elf elementalist (Elf:3)
  A war gargoyle (Vaults:5)
  An ironheart preserver (Vaults:1)
  2 stone giants
  A salamander stormcaller (Vaults:4)
  An ettin (Depths:1)
  A deep elf death mage (Elf:3)
  A deep elf high priest (Elf:3)
  2 naga warriors (Snake:4)
  A death yak (Lair:8)
  3 naga sharpshooters (Snake:4)
  2 iron trolls (Depths:4)
  A fire crab (Vaults:5)
  2 deep trolls (Depths:4)
  3 deep elf archers
  2 deep elf magi
  An ugly thing (Vaults:1)
  A moth of wrath (Zot:5)
  A siren (Shoals:2)
  A salamander (Vaults:4)
  A naga mage (Snake:4)
  2 water nymphs
  A yaktaur zombie (Depths:1)
  A snapping turtle (Shoals:2)
  2 slime creatures (Depths:4)
  A vampire mosquito (Vaults:1)
  2 nagas (Snake:4)
  An orc warrior (Depths:1)
  An orc (Depths:1)
  A plant (Shoals:2)
  2 tentacles (Shoals:4)
52 creatures vanquished.

Vanquished Creatures (others)
  An eldritch tentacle (Zot:5)
  A vault warden (Vaults:2)
  2 deep elf elementalists (Elf:3)
  A deep elf demonologist (Elf:3)
  2 stone giants
  A bennu (Tomb:2)
  A salamander stormcaller (Vaults:5)
  2 merfolk javelineers
  A deep elf death mage (Elf:3)
  An ice dragon (Tomb:2)
  4 yaktaur captains
  A centaur warrior (Vaults:1)
  2 satyrs
  A dancing weapon (Elf:1)
  3 naga sharpshooters
  4 death scarabs
  4 deep elf archers
  A faun (Shoals:1)
  A wizard (Depths:3)
  A deep elf mage (Elf:3)
  9 yaktaurs
  A hydra skeleton (Tomb:2)
  2 ushabtiu (Tomb:2)
  A fire giant simulacrum (Depths:3)
  10 flying skulls (Tomb:2)
  A redback (Depths:2)
  3 humans (D:13)
  A steam dragon (Volcano)
  An orc warrior (Depths:1)
  2 ogres
  A boggart (Depths:3)
  4 centaurs
  A snapping turtle simulacrum (Tomb:2)
  A manticore simulacrum (Tomb:3)
  An orc wizard (Depths:1)
  A tengu zombie (Tomb:2)
  A mummy (Tomb:2)
  9 orcs
  77 eldritch tentacle segments (Zot:5)
  13 fungi
  7 lost souls
  25 plants
  4 starspawn tentacles (Abyss:3)
  81 starspawn tentacle segments (Abyss:3)
  21 tentacles
  871 tentacle segments
  10 withered plants (Crypt:3)
1194 creatures vanquished.

Grand Total: 4405 creatures vanquished

Notes
Turn   | Place    | Note
--------------------------------------------------------------
     0 | D:1      | Tomstefer the Minotaur Berserker began the quest for the Orb.
     0 | D:1      | Reached XP level 1. HP: 19/19 MP: 0/0
   144 | D:1      | Reached XP level 2. HP: 21/27 MP: 1/1
  1216 | D:2      | Reached XP level 3. HP: 28/33 MP: 2/2
  1231 | D:2      | Noticed Ijyb
  1239 | D:2      | Paralysed by Ijyb for 2 turns
  1246 | D:2      | Paralysed by Ijyb for 3 turns
  1250 | D:2      | Killed Ijyb
  1313 | D:2      | Noticed Natasha
  1322 | D:2      | Killed Natasha
  1322 | D:2      | Reached skill level 5 in Maces & Flails
  1322 | D:2      | Reached skill level 1 in Shields
  1322 | D:2      | Reached XP level 4. HP: 7/41 MP: 3/3
  1382 | D:2      | Noticed Natasha
  1561 | D:2      | Found a glowing golden altar of the Shining One.
  1679 | D:2      | Reached ** piety under Trog
  1812 | D:2      | Killed Natasha
  1814 | D:2      | Noticed Natasha
  1819 | D:2      | Killed Natasha
  1819 | D:2      | Reached skill level 5 in Fighting
  1819 | D:2      | Reached XP level 5. HP: 43/48 MP: 4/4
  2645 | D:3      | Reached *** piety under Trog
  2937 | D:3      | Reached XP level 6. HP: 56/56 MP: 5/5
  3423 | D:4      | Reached XP level 7. HP: 62/62 MP: 6/6
  3534 | D:4      | Found a deep blue altar of Sif Muna.
  3534 | D:4      | Found a blossoming altar of Fedhas.
  3534 | D:4      | Found a bloodstained altar of Trog.
  3534 | D:4      | Found a snail-covered altar of Cheibriados.
  3546 | D:4      | Found a shimmering altar of Xom.
  3551 | D:4      | Found a glowing silver altar of Zin.
  4009 | D:5      | Entered Level 5 of the Dungeon
  4149 | D:5      | Reached **** piety under Trog
  4186 | D:5      | Found a shadowy altar of Dithmenos.
  4261 | D:5      | Received a gift from Trog
  4269 | D:5      | Got a crystal dagger
  4287 | D:5      | HP: 1/64 [ogre/giant club (17)]
  4600 | D:4      | Identified the +10 dagger "Walaish" {freeze, MP+9} (You found it on level 5 of the Dungeon)
  4706 | D:5      | Reached XP level 8. HP: 56/71 MP: 7/7
  5758 | D:6      | Noticed Eustachio
  5817 | D:6      | Killed Eustachio
  5817 | D:6      | Reached skill level 5 in Armour
  6105 | D:6      | Found an opulent altar of Gozag.
  6462 | D:6      | Found a staircase to the Ecumenical Temple.
  6462 | D:6      | Noticed Edmund
  6471 | D:6      | Killed Edmund
  6529 | D:6      | Gained mutation: You are agile. (Dex +2) [potion of beneficial mutation]
  6664 | D:7      | Noticed Duvessa
  6664 | D:7      | Noticed Dowan
  6668 | D:7      | Killed Dowan
  6670 | D:7      | Killed Duvessa
  6670 | D:7      | Reached skill level 5 in Shields
  6929 | D:7      | Noticed Joseph
  6936 | D:7      | Killed Joseph
  6936 | D:7      | Reached skill level 10 in Maces & Flails
  6936 | D:7      | Reached XP level 9. HP: 79/81 MP: 8/8
  6971 | D:7      | Found a stormy altar of Qazlal.
  7538 | D:8      | Found a glowing golden altar of the Shining One.
  7670 | D:8      | Reached ***** piety under Trog
  7709 | D:8      | Got a faintly glowing golden ring
  7722 | D:8      | Identified the ring of the Jester {rCorr rElec rPois Stlth+} (You found it on level 8 of the Dungeon)
  7801 | D:8      | Found a shadowy altar of Dithmenos.
  8116 | D:8      | Reached XP level 10. HP: 91/91 MP: 9/9
  8138 | D:9      | Found a staircase to the Lair.
  8147 | D:9      | Received a gift from Trog
  8159 | D:9      | Found a staircase to the Orcish Mines.
  8222 | D:9      | Got a dazzling dire flail {god gift}
  8228 | D:9      | Identified the +2 dire flail "Ijownou" {speed, +Fly rN+ Str+3 Dex+4} (Trog gifted it to you on level 9 of the Dungeon)
  8333 | D:9      | Noticed Gastronok
  8345 | D:9      | Killed Gastronok
  8366 | D:9      | Found Unac's Armour Boutique.
  8647 | Lair:1   | Entered Level 1 of the Lair of Beasts
  8990 | Lair:1   | Noticed a black mamba
  8998 | Lair:1   | Killed a black mamba
  8998 | Lair:1   | Reached skill level 10 in Fighting
  9437 | Lair:2   | Noticed a seven-headed hydra
  9448 | Lair:2   | Reached XP level 11. HP: 87/100 MP: 10/10
  9459 | Lair:2   | Killed a seven-headed hydra
  9703 | Lair:2   | Received a gift from Trog
  9838 | Lair:2   | Noticed an eight-headed hydra
 10062 | Lair:2   | Killed an eight-headed hydra
 10274 | Lair:2   | Reached skill level 10 in Armour
 10540 | Lair:2   | Noticed an oklob plant
 10806 | Lair:3   | Reached skill level 15 in Maces & Flails
 10937 | Lair:3   | Received a gift from Trog
 11328 | Lair:3   | Reached XP level 12. HP: 81/111 MP: 11/11
 11593 | Lair:3   | Noticed Nergalle
 11601 | Lair:3   | Killed Nergalle
 11740 | Lair:4   | Got a pitted emerald amulet
 11742 | Lair:4   | Identified the amulet "Daitiuma" {Reflect rElec rPois Dex+5 SH+2} (You found it on level 4 of the Lair of Beasts)
 11761 | Lair:4   | Found a staircase to the Shoals.
 12684 | Lair:5   | Found a dark tunnel.
 12690 | Volcano  | Entered a volcano
 12792 | Volcano  | Received a gift from Trog
 12821 | Volcano  | Reached ****** piety under Trog
 13137 | Volcano  | Noticed a fire dragon
 13148 | Volcano  | Killed a fire dragon
 13517 | Lair:5   | Noticed a four-headed hydra
 13523 | Lair:5   | Killed a four-headed hydra
 13711 | Lair:5   | Noticed a five-headed hydra
 13717 | Lair:5   | Killed a five-headed hydra
 14087 | Lair:5   | Reached XP level 13. HP: 120/122 MP: 12/12
 14404 | Lair:6   | Found a staircase to the Snake Pit.
 15384 | Lair:7   | Noticed Snorg
 15401 | Lair:7   | Killed Snorg
 15514 | Lair:7   | Found a staircase to the Slime Pits.
 15514 | Lair:7   | Found a viscous altar of Jiyva.
 15647 | Lair:7   | Noticed Nessos
 15656 | Lair:7   | Killed Nessos
 16386 | Lair:7   | Found a snail-covered altar of Cheibriados.
 16610 | Lair:7   | Got a slimy mace
 16611 | Lair:7   | Identified the +7 mace "Ipec" {freeze, *Corrode Str+6 Dex+4} (You found it on level 7 of the Lair of Beasts)
 16657 | Lair:8   | Entered Level 8 of the Lair of Beasts
 16678 | Lair:8   | Received a gift from Trog
 17155 | Lair:8   | Reached XP level 14. HP: 133/133 MP: 13/13
 18002 | Lair:8   | Received a gift from Trog
 18171 | Lair:8   | Reached skill level 15 in Fighting
 18211 | Lair:8   | Got a scorched eveningstar
 18213 | Lair:8   | Identified the +1 eveningstar "Beastbane" {crush, rF+} (You found it on level 8 of the Lair of Beasts)
 18649 | Lair:8   | Found a runed door.
 19182 | Lair:8   | Received a gift from Trog
 19527 | Orc:1    | Entered Level 1 of the Orcish Mines
 19681 | Orc:2    | Entered Level 2 of the Orcish Mines
 19747 | Orc:2    | Found a staircase to the Elven Halls.
 19772 | Orc:2    | Found a roughly hewn altar of Beogh.
 20012 | Orc:2    | Noticed Rupert
 20024 | Orc:2    | Killed Rupert
 20207 | Orc:2    | Found a roughly hewn altar of Beogh.
 20208 | Orc:2    | Found Qecetz's Assorted Antiques.
 20334 | Orc:2    | Noticed an orc warlord
 20353 | Orc:2    | Reached skill level 10 in Shields
 20367 | Orc:2    | Killed an orc warlord
 20367 | Orc:2    | Received a gift from Trog
 20380 | Orc:2    | Reached XP level 15. HP: 141/141 MP: 14/14
 20445 | Orc:2    | Found Pumial's Antique Armour Shop.
 20453 | Orc:2    | Found a roughly hewn altar of Beogh.
 20489 | Orc:2    | Found Xoch's Antique Weapon Boutique.
 20607 | Orc:2    | Found a roughly hewn altar of Beogh.
 20623 | Orc:2    | Found Dilewkin's Assorted Antiques.
 20692 | Orc:2    | Bought a faintly humming chain mail for 247 gold pieces
 20702 | Orc:2    | Identified the cursed +1 chain mail of a sewer {*Contam rCorr Int+4 Stlth+} (You bought it in a shop on level 2 of the Orcish Mines)
 21124 | Orc:2    | Found a roughly hewn altar of Beogh.
 21296 | Orc:1    | Found a burning altar of Makhleb.
 21356 | Orc:1    | Received a gift from Trog
 21571 | D:10     | Entered Level 10 of the Dungeon
 23053 | D:11     | Found Zuataquh's Assorted Antiques.
 23061 | D:11     | Bought a scroll labeled REOZEN UFEET for 25 gold pieces
 23075 | D:12     | Received a gift from Trog
 23105 | D:12     | Noticed Urug
 23113 | D:12     | Killed Urug
 23179 | D:12     | Noticed M4edhros's ghost (journeyman OpCK)
 23190 | D:12     | Killed M4edhros's ghost
 23327 | D:12     | Noticed Frances
 23337 | D:12     | Killed Frances
 23580 | D:12     | Reached skill level 15 in Armour
 24048 | D:13     | Found Ahiemy's Magic Scroll Shoppe.
 24051 | D:13     | Bought a scroll of acquirement for 728 gold pieces
 24096 | D:13     | Found Umuotox's General Store.
 24139 | D:13     | Noticed a fire giant
 24142 | D:13     | Killed a fire giant
 24265 | D:13     | Noticed Kirke
 24273 | D:13     | Killed Kirke
 24287 | D:13     | Found a gate to the Vaults.
 24346 | D:13     | Found Ytateduemu's Gadget Emporium.
 24406 | D:13     | Found a corrupted altar of Lugonu.
 24450 | D:13     | Found Bostaceg's Distillery.
 24576 | D:13     | Received a gift from Trog
 24974 | D:13     | Found Noxof's Book Boutique.
 25590 | D:14     | Reached XP level 16. HP: 149/152 MP: 15/15
 25653 | D:14     | Noticed PeterLawrence's ghost (journeyman MiFi)
 25662 | D:14     | Killed PeterLawrence's ghost
 25873 | D:15     | Entered Level 15 of the Dungeon
 26584 | D:15     | Received a gift from Trog
 26883 | D:15     | Found a staircase to the Depths.
 27331 | Snake:1  | Entered Level 1 of the Snake Pit
 27905 | Snake:1  | Got a pair of transparent gloves
 27919 | Snake:1  | Identified the +3 pair of gloves "Wielieti" {rC+ MR+ Dex-5} (You found it on level 1 of the Snake Pit)
 28798 | Snake:2  | You fall through a shaft!
 29020 | Snake:3  | Received a gift from Trog
 29229 | Snake:3  | Noticed Agnes
 29238 | Snake:3  | Killed Agnes
 29755 | Snake:3  | Reached XP level 17. HP: 145/162 MP: 16/16
 29847 | Snake:3  | Got an ichor-stained plate armour
 29863 | Snake:3  | Identified the +1 plate armour "Qalodac" {*Contam MP+9 Str+2} (You found it on level 3 of the Snake Pit)
 29877 | Snake:3  | Gained mutation: Your magical capacity is low (-10% MP). [mutagenic glow]
 30291 | Snake:4  | Entered Level 4 of the Snake Pit
 32093 | Snake:4  | Received a gift from Trog
 32313 | Snake:4  | Received a gift from Trog
 32858 | Snake:4  | Got a serpentine rune of Zot
 33180 | Shoals:1 | Entered Level 1 of the Shoals
 33478 | Shoals:1 | You fall through a shaft!
 34366 | Shoals:2 | Received a gift from Trog
 35132 | Shoals:3 | Noticed a kraken
 35157 | Shoals:3 | Killed a kraken
 35157 | Shoals:3 | Reached XP level 18. HP: 115/173 MP: 15/15
 35259 | Shoals:3 | Reached skill level 1 in Evocations
 35433 | Shoals:3 | Found Edecrero's Food Emporium.
 36191 | Shoals:4 | Entered Level 4 of the Shoals
 36191 | Shoals:4 | Noticed Ilsuiw
 36300 | Shoals:4 | Killed Ilsuiw
 37800 | Shoals:4 | Identified a +4 rod of ignition (13/13) (You found it on level 4 of the Shoals)
 37813 | Shoals:4 | Received a gift from Trog
 38651 | Shoals:4 | Got a barnacled rune of Zot
 38733 | Shoals:1 | Received a gift from Trog
 39052 | Depths:1 | Entered Level 1 of the Depths
 39052 | Depths:1 | Found a gateway to Hell.
 39185 | Depths:1 | Noticed Nikola
 39189 | Depths:1 | Noticed Saint Roka
 39197 | Depths:1 | Killed Saint Roka
 39210 | Depths:1 | Killed Nikola
 39767 | Depths:1 | Found a runed door.
 39806 | Depths:1 | Found Fuzim's Distillery.
 40060 | Depths:1 | Reached skill level 5 in Evocations
 40378 | Depths:1 | Reached XP level 19. HP: 144/183 MP: 19/19
 40396 | Depths:1 | Received a gift from Trog
 41239 | Depths:1 | Found a one-way gate leading to the halls of Pandemonium.
 41324 | Depths:1 | Found a radiant altar of Vehumet.
 41324 | Depths:1 | Noticed an ancient lich
 41342 | Depths:1 | Killed an ancient lich
 41431 | Vaults:1 | Entered Level 1 of the Vaults
 43002 | Vaults:2 | Received a gift from Trog
 43693 | Vaults:2 | Noticed Tomstefer's ghost (adept MiBe)
 43707 | Vaults:2 | Killed Tomstefer's ghost
 43789 | Vaults:2 | Reached XP level 20. HP: 193/193 MP: 22/22
 44905 | Vaults:3 | Received a gift from Trog
 44915 | Vaults:3 | Found a magical portal.
 44935 | WizLab   | Entered Zonguldrok's Shrine
 45590 | WizLab   | Noticed an antique lich
 45603 | WizLab   | Killed an antique lich
 46218 | Vaults:3 | Found a staircase to the Crypt.
 46318 | Vaults:3 | Received a gift from Trog
 46565 | Vaults:3 | Received a gift from Trog
 46582 | Vaults:3 | Got a jewelled flail {god gift}
 46587 | Vaults:3 | Identified the +13 flail of Intimidation {distort, rF+} (Trog gifted it to you on level 3 of the Vaults)
 46619 | Vaults:3 | Gained mutation: Your magical capacity is very low (-20% MP). [mutagenic glow]
 47107 | Vaults:3 | Reached skill level 27 in Maces & Flails
 47649 | Vaults:4 | Reached XP level 21. HP: 178/204 MP: 21/21
 47946 | Vaults:4 | Received a gift from Trog
 48545 | Vaults:4 | Found Xariunn's Antique Weapon Emporium.
 48595 | Vaults:4 | Reached skill level 10 in Evocations
 49415 | Vaults:1 | Received a gift from Trog
 49610 | Elf:1    | Entered Level 1 of the Elven Halls
 50039 | Elf:1    | Found Sykhlousm's Assorted Antiques.
 51041 | Elf:2    | Received a gift from Trog
 51123 | Elf:2    | Found a runed gate.
 51123 | Elf:2    | Found a runed gate.
 51124 | Elf:2    | Found a runed gate.
 51280 | Elf:2    | Found Daam's Jewellery Shop.
 51315 | Elf:2    | Found Hasatuud's Antique Armour Shop.
 51319 | Elf:2    | Bought a pair of runed boots for 130 gold pieces
 51319 | Elf:2    | Bought a translucent plate armour for 812 gold pieces
 51340 | Elf:2    | Identified the +4 plate armour of Isetry {rPois Regen+ Dex-3} (You bought it in a shop on level 2 of the Elven Halls)
 51894 | Elf:2    | Received a gift from Trog
 52021 | Elf:2    | Cast into level 2 of the Abyss (eveningstar of distortion)
 52117 | Abyss:3  | Paralysed by accursed screaming for 1 turns
 52177 | Abyss:3  | Reached XP level 22. HP: 148/217 MP: 22/22
 52466 | Abyss:3  | Lost intelligence.
 52483 | Elf:2    | Escaped the Abyss
 52715 | Elf:2    | Found Rexut's Food Boutique.
 52715 | Elf:2    | Found Muckael's Gadget Boutique.
 52828 | Elf:3    | Entered Level 3 of the Elven Halls
 52840 | Elf:3    | Found Poxzad's Magic Scroll Shoppe.
 52849 | Elf:3    | Bought a scroll of acquirement for 780 gold pieces
 52849 | Elf:3    | Bought a scroll of brand weapon for 300 gold pieces
 53255 | Elf:3    | Received a gift from Trog
 53283 | Elf:3    | Gained mutation: Scrolls take you a little longer to read. [a cacodemon]
 53311 | Elf:3    | Got a smoking dire flail {god gift}
 53478 | Elf:3    | Identified the +10 dire flail of Bodily Harmony {flame, rF+} (Trog gifted it to you on level 3 of the Elven Halls)
 53532 | Elf:3    | Got a sparkling golden amulet
 53553 | Elf:3    | Got a vibrating tin ring
 53568 | Elf:3    | Identified the amulet "Ruogenuk" {Gourm rF- Str+7} (You found it on level 3 of the Elven Halls)
 53571 | Elf:3    | Identified the ring "Rel Dey" {*Drain +Fly rF+ EV+3 Str+3} (You found it on level 3 of the Elven Halls)
 53743 | Elf:3    | Got a scintillating bronze ring
 53793 | Elf:3    | Identified the ring "Meczy" {Str+4 Dex+4} (You found it on level 3 of the Elven Halls)
 54586 | Depths:2 | Received a gift from Trog
 54677 | Depths:2 | Received a gift from Trog
 54744 | Depths:2 | Identified a +2 rod of clouds (10/10) (You found it on level 3 of the Elven Halls)
 54755 | Depths:2 | Found a one-way gate to the infinite horrors of the Abyss.
 54927 | Depths:2 | Found Leappol's Weapon Boutique.
 55417 | Depths:2 | Reached XP level 23. HP: 229/229 MP: 23/23
 56076 | Depths:3 | Received a gift from Trog
 56948 | Depths:4 | Noticed Xtahua
 56964 | Depths:4 | Killed Xtahua
 57049 | Depths:4 | Noticed a caustic shrike
 57062 | Depths:4 | Killed a caustic shrike
 57108 | Depths:4 | Received a gift from Trog
 57127 | Depths:4 | Noticed a juggernaut
 57139 | Depths:4 | Killed a juggernaut
 57209 | Depths:4 | Noticed Margery
 57223 | Depths:4 | Noticed a juggernaut
 57236 | Depths:4 | Killed a juggernaut
 57323 | Depths:4 | Noticed a juggernaut
 57338 | Depths:4 | Killed a juggernaut
 57365 | Depths:4 | Paralysed by a sphinx for 2 turns
 57372 | Depths:4 | Noticed a juggernaut
 57393 | Depths:4 | Killed a juggernaut
 57400 | Depths:4 | Paralysed by a great orb of eyes for 4 turns
 57677 | Depths:4 | Paralysed by a vampire knight for 6 turns
 57831 | Depths:4 | Found a runed door.
 57989 | Depths:4 | Killed Margery
 57989 | Depths:4 | Reached XP level 24. HP: 243/243 MP: 23/23
 58007 | Depths:4 | Cast into level 2 of the Abyss (an ogre mage)
 58259 | Abyss:2  | Found a corrupted altar of Lugonu.
 58313 | Abyss:3  | Found a corrupted altar of Lugonu.
 58408 | Abyss:3  | Gained mutation: Armour fits poorly on your strangely shaped body. [a neqoxec]
 58425 | Abyss:3  | Reached skill level 5 in Dodging
 58482 | Abyss:3  | Lost mutation: Armour fits poorly on your strangely shaped body. [potion of cure mutation]
 58482 | Abyss:3  | Lost mutation: Scrolls take you a little longer to read. [potion of cure mutation]
 58683 | Abyss:4  | Received a gift from Trog
 58704 | Abyss:4  | Found a corrupted altar of Lugonu.
 58710 | Abyss:4  | Gained mutation: Your spells are a little easier to cast, but a little less powerful. [mutagenic glow]
 58716 | Abyss:4  | Got an abyssal rune of Zot
 58723 | Depths:4 | Escaped the Abyss
 58745 | Depths:4 | Gained mutation: You regenerate slowly when monsters are visible. [mutagenic glow]
 58798 | Depths:4 | Gained mutation: Your magical capacity is extremely low (-30% MP). [mutagenic glow]
 58858 | Depths:4 | Gained mutation: Scrolls take you a little longer to read. [mutagenic glow]
 58989 | Depths:4 | Lost mutation: You regenerate slowly when monsters are visible. [potion of cure mutation]
 58989 | Depths:4 | Lost mutation: You are agile. (Dex +2) [potion of cure mutation]
 58989 | Depths:4 | Lost mutation: Scrolls take you a little longer to read. [potion of cure mutation]
 58989 | Depths:4 | Lost mutation: Your magical capacity is extremely low (-30% MP). [potion of cure mutation]
 58990 | Depths:4 | Lost mutation: Your magical capacity is very low (-20% MP). [potion of cure mutation]
 58990 | Depths:4 | Lost mutation: Your magical capacity is low (-10% MP). [potion of cure mutation]
 58990 | Depths:4 | Lost mutation: Your spells are a little easier to cast, but a little less powerful. [potion of cure mutation]
 59577 | Depths:4 | Found a gateway to a ziggurat.
 59752 | Depths:4 | Received a gift from Trog
 60420 | Depths:5 | Entered Level 5 of the Depths
 60710 | Depths:5 | Received a gift from Trog
 60779 | Depths:5 | Found a gate to the Realm of Zot.
 61155 | Depths:5 | Reached XP level 25. HP: 172/255 MP: 29/29
 61481 | Depths:5 | Found a snail-covered altar of Cheibriados.
 61500 | Depths:5 | Received a gift from Trog
 61513 | Depths:5 | Got a pitted buckler
 61514 | Depths:5 | Identified the cursed +0 buckler of the Twelve Curses {rN+ MP+9 Str+4} (You found it on level 5 of the Depths)
 62240 | Vaults:5 | Entered Level 5 of the Vaults
 62283 | Vaults:4 | Reached skill level 10 in Dodging
 62511 | Vaults:5 | Found Wauqazy's Antique Armour Shoppe.
 62511 | Vaults:5 | Noticed an ancient lich
 62548 | Vaults:5 | Killed an ancient lich
 62679 | Vaults:5 | Found Gaos's Jewellery Shoppe.
 62694 | Vaults:5 | Noticed an ancient lich
 62701 | Vaults:5 | Killed an ancient lich
 62701 | Vaults:5 | Reached skill level 15 in Shields
 62835 | Vaults:5 | Reached skill level 27 in Fighting
 62854 | Vaults:5 | Found Ymif's Gadget Shoppe.
 62924 | Vaults:5 | Received a gift from Trog
 63605 | Vaults:5 | Found Qemi's Magic Scroll Boutique.
 63609 | Vaults:5 | Bought a scroll of enchant armour for 142 gold pieces
 63683 | Vaults:5 | Received a gift from Trog
 63683 | Vaults:5 | Reached XP level 26. HP: 266/266 MP: 29/29
 63725 | Vaults:5 | Found Ahuu's Distillery.
 63873 | Vaults:5 | Reached skill level 27 in Armour
 63880 | Vaults:5 | Found Noppit's Distillery.
 63884 | Vaults:5 | Noticed an ancient lich
 63890 | Vaults:5 | Killed an ancient lich
 64963 | Zot:1    | Entered Level 1 of the Realm of Zot
 65123 | Zot:1    | Received a gift from Trog
 65183 | Zot:1    | Got a bloodstained morningstar {god gift}
 65187 | Zot:1    | Identified the +4 morningstar of Nihilism {vamp, rPois Int+4 Dex+3} (Trog gifted it to you on level 1 of the Realm of Zot)
 65217 | Zot:1    | Noticed an orb of fire
 65233 | Zot:1    | Killed an orb of fire
 66341 | D:8      | Fell from the grace of Trog
 66341 | D:8      | Became a worshipper of the Shining One
 66741 | Crypt:1  | Entered Level 1 of the Crypt
 66955 | Crypt:1  | Reached * piety under the Shining One
 66992 | Crypt:1  | Reached skill level 15 in Dodging
 67080 | Crypt:1  | Reached ** piety under the Shining One
 67155 | Crypt:1  | Noticed Mennas
 67219 | Crypt:1  | Killed Mennas
 67534 | Crypt:1  | Reached *** piety under the Shining One
 68202 | Crypt:2  | Reached **** piety under the Shining One
 68238 | Crypt:2  | Gained mutation: Your natural rate of healing is unusually fast. [potion of beneficial mutation]
 68698 | Crypt:3  | Entered Level 3 of the Crypt
 68989 | Crypt:3  | Noticed Wiglaf
 69011 | Crypt:3  | Killed Wiglaf
 69021 | Crypt:3  | Got a shimmering shield
 69033 | Crypt:3  | Identified the cursed -7 shield of Jujayr {Dex+5} (You took it off Wiglaf on level 3 of the Crypt)
 69241 | Crypt:3  | Reached ***** piety under the Shining One
 69836 | Crypt:3  | Paralysed by Trog for 7 turns
 70142 | Crypt:3  | Reached ****** piety under the Shining One
 70183 | Crypt:3  | Found a staircase to the Tomb.
 70189 | Crypt:3  | Reached XP level 27. HP: 273/273 MP: 29/29
 70488 | Crypt:3  | Noticed an ancient lich
 70493 | Crypt:3  | Killed an ancient lich
 70514 | Crypt:3  | Identified Seocev's Incunabulum of Companions
 71169 | D:8      | Identified a +9 sacred scourge of holy wrath (a +9 demon whip of flaming blessed by the Shining One)
 71169 | D:8      | Received a gift from the Shining One
 72106 | Tomb:1   | Entered Level 1 of the Tomb of the Ancients
 72300 | Tomb:1   | Reached skill level 1 in Invocations
 72310 | Tomb:1   | Paralysed by a sphinx for 3 turns
 73153 | Tomb:1   | Reached skill level 5 in Invocations
 73384 | Tomb:2   | Noticed a greater mummy
 73385 | Tomb:2   | Noticed a greater mummy
 73400 | Tomb:2   | Noticed an ancient lich
 73401 | Tomb:2   | Noticed a greater mummy
 74209 | Tomb:1   | Killed a greater mummy
 74212 | Tomb:1   | Killed an ancient lich
 75228 | Tomb:1   | Killed a greater mummy
 75254 | Tomb:2   | Killed a greater mummy
 75934 | Tomb:1   | Noticed a greater mummy
 75937 | Tomb:1   | Noticed a greater mummy
 75946 | Tomb:1   | Killed a greater mummy
 75947 | Tomb:1   | Noticed a greater mummy
 76170 | Tomb:1   | Killed a greater mummy
 76177 | Tomb:1   | Killed a greater mummy
 76193 | Tomb:1   | Noticed a greater mummy
 76205 | Tomb:1   | Killed a greater mummy
 76221 | Tomb:1   | Noticed a greater mummy
 76238 | Tomb:1   | Killed a greater mummy
 76254 | Tomb:1   | Noticed a greater mummy
 76256 | Tomb:1   | Noticed a greater mummy
 76269 | Tomb:1   | Killed a greater mummy
 76275 | Tomb:1   | Killed a greater mummy
 76278 | Tomb:1   | Noticed a greater mummy
 76299 | Tomb:1   | Killed a greater mummy
 76428 | Tomb:1   | Noticed a greater mummy
 76446 | Tomb:1   | Killed a greater mummy
 76446 | Tomb:1   | Reached skill level 10 in Invocations
 76481 | Tomb:1   | Noticed a greater mummy
 76494 | Tomb:1   | Killed a greater mummy
 76497 | Tomb:1   | Noticed a greater mummy
 76500 | Tomb:1   | Noticed a greater mummy
 76506 | Tomb:1   | Killed a greater mummy
 76517 | Tomb:1   | Killed a greater mummy
 76557 | Tomb:1   | Noticed a greater mummy
 76568 | Tomb:1   | Killed a greater mummy
 76799 | Tomb:1   | Noticed a greater mummy
 76812 | Tomb:1   | Killed a greater mummy
 76837 | Tomb:1   | Noticed a greater mummy
 76840 | Tomb:1   | Noticed a greater mummy
 76840 | Tomb:1   | Paralysed by Trog for 3 turns
 76850 | Tomb:1   | Killed a greater mummy
 76855 | Tomb:1   | Killed a greater mummy
 76907 | Tomb:1   | Paralysed by Trog for 6 turns
 76934 | Tomb:2   | Lost intelligence.
 78258 | Tomb:2   | Noticed Boris
 78395 | Tomb:1   | Killed Boris
 78673 | Tomb:3   | Entered Level 3 of the Tomb of the Ancients
 78752 | Tomb:2   | Lost intelligence.
 79286 | Tomb:3   | Noticed a greater mummy
 79335 | Tomb:3   | Noticed a greater mummy
 79335 | Tomb:3   | Noticed a greater mummy
 79440 | Tomb:3   | Noticed a greater mummy
 79442 | Tomb:3   | Noticed a greater mummy
 79442 | Tomb:3   | Noticed a greater mummy
 79454 | Tomb:2   | Was forgiven by Trog
 81747 | Tomb:3   | Noticed a greater mummy
 81755 | Tomb:2   | Killed a greater mummy
 81942 | Tomb:2   | Killed a greater mummy
 81949 | Tomb:2   | Killed a greater mummy
 82251 | Tomb:2   | Killed a greater mummy
 82658 | Tomb:2   | Killed a greater mummy
 82665 | Tomb:2   | Killed a greater mummy
 82886 | Tomb:3   | Killed a greater mummy
 82892 | Tomb:3   | Noticed a greater mummy
 82895 | Tomb:3   | Lost intelligence.
 82905 | Tomb:3   | Killed a greater mummy
 82988 | Tomb:3   | Noticed a greater mummy
 83004 | Tomb:2   | Killed a greater mummy
 83256 | Tomb:3   | Got a faintly glowing bone ring
 83274 | Tomb:3   | Got a vibrating bone ring
 83289 | Tomb:3   | Identified Sif Muna's Handbook of Malediction
 83409 | Tomb:3   | Identified the ring "Gunac" {Fire rPois MP-9 Str+7 Int-4} (You found it on level 3 of the Tomb of the Ancients)
 83410 | Tomb:3   | Identified the ring of Xoteineg {EV+3 Str+2} (You found it on level 3 of the Tomb of the Ancients)
 83460 | Tomb:3   | Got a golden rune of Zot
 83626 | Tomb:3   | Identified a +4 rod of inaccuracy (13/13) (You found it on level 3 of the Tomb of the Ancients)
 85415 | Zot:2    | Noticed an orb of fire
 85420 | Zot:2    | Gained mutation: You occasionally shout uncontrollably at your foes. [an orb of fire]
 85425 | Zot:2    | Gained mutation: You are dopey. (Int -2) [an orb of fire]
 85427 | Zot:2    | Killed an orb of fire
 85978 | Zot:2    | Reached skill level 15 in Invocations
 86199 | Zot:3    | Noticed an orb of fire
 86204 | Zot:3    | Gained mutation: Potions and wands are less effective at restoring your health. [an orb of fire]
 86209 | Zot:3    | Gained mutation: You are clumsy. (Dex -2) [an orb of fire]
 86216 | Zot:3    | Killed an orb of fire
 86369 | Zot:3    | Cast into level 3 of the Abyss (red draconian shifter)
 86396 | Abyss:3  | Paralysed by accursed screaming for 1 turns
 86458 | Zot:3    | Escaped the Abyss
 87176 | Zot:3    | Identified the Guide on Self-Knowledge
 87743 | Zot:4    | Lost mutation: You are clumsy. (Dex -2) [potion of cure mutation]
 87743 | Zot:4    | Lost mutation: You are dopey. (Int -2) [potion of cure mutation]
 87743 | Zot:4    | Lost mutation: Your natural rate of healing is unusually fast. [potion of cure mutation]
 87743 | Zot:4    | Lost mutation: Potions and wands are less effective at restoring your health. [potion of cure mutation]
 87743 | Zot:4    | Lost mutation: You occasionally shout uncontrollably at your foes. [potion of cure mutation]
 88878 | Zot:5    | Entered Level 5 of the Realm of Zot
 89130 | Zot:5    | Noticed an ancient lich
 89140 | Zot:5    | Killed an ancient lich
 89145 | Zot:5    | Noticed an orb of fire
 89153 | Zot:5    | Killed an orb of fire
 89630 | Zot:5    | Noticed an ancient lich
 89653 | Zot:5    | Noticed an ancient lich
 89656 | Zot:5    | Noticed an ancient lich
 89662 | Zot:5    | Noticed an orb of fire
 89667 | Zot:5    | Noticed an ancient lich
 89674 | Zot:5    | Killed an ancient lich
 89689 | Zot:5    | Killed an ancient lich
 89689 | Zot:5    | Killed an ancient lich
 89702 | Zot:5    | Killed an orb of fire
 89711 | Zot:5    | Killed an ancient lich
 90108 | Zot:5    | Got the Orb of Zot
 90165 | Zot:5    | Gained mutation: You are weak. (Str -2) [a cacodemon]
 90171 | Zot:5    | Noticed Sodgh the pandemonium lord
 90540 | D:12     | Noticed a seraph
 90646 | D:9      | Noticed Feezxegu the pandemonium lord
 90751 | D:5      | Noticed a seraph
 90910 | D:$      | Escaped with the Orb!

Vault maps used:
D:1:      evilmike_arrival_hilbert_curve, minmay_misc_feat_doors,
          interstate_on_off
D:2:      nicolae_tso_swordbearing_angel, uniq_iyjb, uniq_natasha
D:3:      first_bread, guppyfry_early_orc_mine
D:4:      minmay_overflow_temple_hex
D:5:      black_bear_nest_1, grunt_dithmenos_smoke
D:6:      minmay_temple_entry_nine_rooms, grunt_gozag_breadcrumbs, uniq_edmund,
          uniq_eustachio
D:7:      overflow_temple_1_default, minivault_5, the_bakery, uniq_joseph,
          uniq_duvessa
D:8:      basic_altar, kennysheep_small_circle
D:9:      minmay_klotski, hiddenorc2_lemuel, serial_shops, shop_fountains,
          uniq_pikel, uniq_gastronok, uniq_erolcha
D:11:     hangedman_cross_cluster, serial_shops, nicolae_shop_overgrown_old_shop
D:12:     uniq_frances, uniq_urug
D:13:     kennysheep_kobold_lugonu_temple, david_vaults_5, serial_shops,
          kennysheep_little_box, kennysheep_mini, shop,
          nicolae_shop_competitors_out_of_business, nicolae_shop_behind_doors,
          minmay_statues_item, kennysheep_just_a_vault, uniq_kirke
D:15:     hangedman_depths_entry_civil_slaughter, lightli_fourway_metalbox
Lair:2:   minmay_lair_oklob_items, grunt_forest_small_clearing_treed,
          grunt_megastairs_2
Lair:3:   uniq_nergalle
Lair:4:   elwin_shoals_entry_stream
Lair:5:   nicolae_volcano_entry_s_turn
Lair:6:   dummy_snake_entry
Lair:7:   slime_altar_1, basic_altar, hibernation_bobbens, uniq_snorg,
          uniq_nessos
Lair:8:   wormcave, hangedman_lair_caniforms_friends, disabler_island
Shoals:3: serial_shops, shop_coins
Shoals:4: shoals_end_grunt_ice, shoal_ilsuiw
Snake:2:  statue_in_the_mist_lemuel, grunt_ministairs_2, uniq_louise,
          uniq_aizul, uniq_vashnia
Snake:3:  lemuel_fruit_tree, uniq_agnes
Snake:4:  snake_pit, grunt_megastairs_4
Orc:1:    bloody_makhleb
Orc:2:    grunt_orc_community_town_hall, grunt_orc_community_big_house_2,
          grunt_orc_community_big_house_1, grunt_orc_community_house_1,
          grunt_orc_community_house_2, grunt_orc_community_house_1,
          grunt_orc_community_house_2, basic_altar, nicolae_orc_tapped_out,
          uniq_rupert
Elf:1:    eino_elf_arrival_shootout, serial_shops,
          nicolae_shop_overgrown_old_shop, evilmike_minifort
Elf:2:    serial_shops, nicolae_shop_trees, shop, shop,
          nicolae_shop_temple_entry_statues_fountains, stair_cage_wide,
          spider_trap, serial_sigils_hangedman_scar
Elf:3:    elf_hall, serial_shops, shop_statue, basic_stair_grate_trap
Vaults:1: vaults_room_large_hall, v_pattern_2, dpeg_vaults_monster_box,
          serial_ice_b, hangedman_vaults_slice, nicolae_vaults_c_with_doors,
          vaults_mumra_lcd, nicolae_vaults_puzzle_piece, v_misc_8, v_rooms_1,
          v_misc_9, nicolae_vaults_hallways_thing, ontoclasm_vaults_twist
Vaults:2: v_misc_4, v_misc_8, nicolae_vaults_quartermaster, vaults_room_pools,
          grunt_vaults_hallway_short, nicolae_vaults_little_ls, v_misc_17
Vaults:3: hangedman_vaults_stream, nicolae_vaults_fighting_squares,
          ontoclasm_vaults_ring_small, nicolae_vaults_yaktaur_gun_rack,
          v_misc_3, v_misc_28, hangedman_vaults_capsules,
          vaults_room_grunt_arrival_ludios, nicolae_vaults_theta,
          minmay_crypt_entry_skeletal_spiral, vaults_dpeg_spiral,
          infiniplex_enter_wizlab_water
Vaults:4: vaults_room_door_hall, ontoclasm_vaults_misaligned,
          hangedman_vaults_variations, hangedman_vaults_nails,
          grunt_vaults_swirl, vaults_room_pools, v_misc_29, vaults_room_corners,
          grunt_vaults_hallway_short, vaults_room_hangedman_quadrants,
          serial_shops, shop
Vaults:5: serial_shops
Crypt:1:  nicolae_crypt_niches, st_stairs_5, hex_medium,
          serial_sigils_hangedman_quiver, item_on_display_a,
          grunt_crypt_arrival_webbed, uniq_mennas
Crypt:3:  quadcrypt_mu, uniq_wiglaf
Tomb:2:   uniq_boris
Depths:1: hell_entry, kennysheep_pointless_box, rand_demon_pan_entry_4,
          serial_shops, nicolae_shop_stone, minmay_fountain_box, minivault_15,
          grunt_absolute_annihilation, uniq_saint_roka, uniq_nikola
Depths:2: minmay_skeleton_keep, grunt_pan_entry_spiral, abyss_entry,
          serial_shops, shop, hell_entry, spider_trap
Depths:3: minmay_distorted_concentric_squares, special_room,
          grunt_hell_entry_dis_old, rand_demon_pan_entry_5
Depths:4: box_level_dp, abyss_entry, hell_entry, uniq_xtahua, uniq_margery
Depths:5: grunt_zot_entry_tricorne, abyss_entry_crystal,
          minmay_misc_feat_pillars, grunt_pan_entry_zigzag,
          hangedman_coc_ice_floe, serial_bayou_ford_a, cheibriados_altar_1
Zot:2:    lemuel_golem_globe
Zot:3:    kennysheep_six_static_rooms, grunt_ministairs_4
Zot:4:    lemuel_baited_zot_trap
Zot:5:    grunt_ministairs_11, st_stairs_4
Abyss:3:  evilmike_abyss_exit_9, evilmike_abyss_rune_acolytes_1,
          evilmike_abyss_exit_15, evilmike_abyss_exit_vortex,
          evilmike_abyss_exit_4, hangedman_abyss_or_decor_slice
Abyss:4:  minivault_20, grunt_abyss_rune_the_horror, hangedman_eye_storm
Volcano:  pf_volcano_lost_world
WizLab:   wizlab_zonguldrok

Skill      XL: |  1  2  3  4  5  6  7  8  9 10 11 12 13 14 15 16 17 18 19 20 21 22 23 24 25 26 27 |
---------------+----------------------------------------------------------------------------------+-----
Maces & Flails | 4 5 6 7 8 10 11 13 15 17 18 20 21 22 24 25 26 27 | 27.0
Fighting       | 4 5 6 7 9 10 11 13 14 15 16 17 18 19 20 21 22 24 25 26 27 | 27.0
Shields        | 1 2 3 4 5 6 8 10 11 13 16 19 24 | 24.5
Armour         | 3 4 5 7 8 10 12 13 14 15 16 18 19 20 22 23 25 26 27 | 27.0
Evocations     | 5 7 9 10 | 10.0
Dodging        | 4 9 12 16 21 | 21.6
Invocations    | 19 | 19.7

Action                   |  1- 3 |  4- 6 |  7- 9 | 10-12 | 13-15 | 16-18 | 19-21 | 22-24 | 25-27 || total
-------------------------+-------+-------+-------+-------+-------+-------+-------+-------+-------++-------
Melee: Mace              |    62 |   160 |    79 |       |   239 |       |       |       |       ||   540
       Dagger            |       |       |    45 |       |       |       |       |       |       ||    45
       Flail             |       |       |   197 |    49 |       |       |       |       |   654 ||   900
       Unarmed           |       |       |    13 |       |       |       |       |       |       ||    13
       Dire flail        |       |       |       |   526 |   188 |       |       |       |       ||   714
       Eveningstar       |       |       |       |       |   842 |   854 |       |       |     7 ||  1703
       Demon whip        |       |       |       |       |       |   599 |  1894 |  1998 |   815 ||  5306
       Sacred scourge    |       |       |       |       |       |       |       |       |  2002 ||  2002
Invok: Berserk           |     1 |       |    10 |    10 |    15 |    18 |    17 |    19 |     5 ||    95
       Burn Spellbooks   |       |       |     3 |     2 |     2 |     5 |    10 |     6 |       ||    28
       Trog's Hand       |       |       |       |       |     2 |     5 |     3 |     4 |     2 ||    16
       Brothers in Arms  |       |       |       |       |     1 |    14 |     9 |     5 |     2 ||    31
       Cleansing Flame   |       |       |       |       |       |       |       |       |     8 ||     8
       Summon Divine War |       |       |       |       |       |       |       |       |     6 ||     6
       Brand Weapon With |       |       |       |       |       |       |       |       |     1 ||     1
Evoke: Wand              |       |       |       |       |       |       |       |       |     6 ||     6
  Use: Scroll            |       |     8 |    15 |     8 |    17 |     9 |    13 |    26 |    23 ||   119
       Potion            |       |       |     1 |       |     2 |     3 |     1 |     5 |    16 ||    28
 Stab: Sleeping          |       |       |       |     1 |     1 |       |       |       |       ||     2
       Distracted        |       |       |       |       |     1 |     2 |     4 |     3 |     1 ||    11
       Held in net/web   |       |       |       |       |       |     1 |       |       |       ||     1
  Eat: Chunk             |     1 |     8 |    17 |    24 |    41 |    35 |    46 |    31 |    26 ||   229
       Bread ration      |       |       |     2 |     1 |     3 |     7 |     2 |     5 |     8 ||    28
       Fruit             |       |       |     1 |       |       |     1 |       |       |    11 ||    13
       Beef jerky        |       |       |       |       |       |     4 |       |       |    28 ||    32
       Meat ration       |       |       |       |       |       |       |       |       |     1 ||     1
